 Dungeon Crawl Stone Soup version 0.21-a0-264-g3e31e41 (webtiles) character file.

23816 Kidiri the Thaumaturge (level 12, -24/67 HPs)
             Began as a Deep Elf Fire Elementalist on Sept 9, 2017.
             Was a High Priest of Vehumet.
             Annihilated by a komodo dragon (28 damage)
             ... on level 2 of the Lair of Beasts.
             The game lasted 01:03:54 (14786 turns).

Kidiri the Thaumaturge (DEFE)                      Turns: 14786, Time: 01:03:55

Health: -24/67     AC: 12    Str:  5    XL:     12   Next: 75%
Magic:  3/32       EV: 17    Int: 26    God:    Vehumet [*****.]
Gold:   601        SH:  0    Dex: 15    Spells: 2/40 levels left

rFire    . . .     SeeInvis .   r - +10 mace of the Spectre {flame, +Rage rN+ MR-}
rCold    + . .     Gourm    .   (no shield)
rNeg     + . .     Faith    .   i - +1 robe {rC+}
rPois    .         Spirit   .   N - +0 helmet
rElec    .         Reflect  .   R - +0 cloak
rCorr    .         Harm     .   j - +1 pair of gloves
MR       .....                  m - +0 pair of boots
Stlth    +++.......             L - amulet of regeneration
HPRegen  0.61/turn              y - +3 ring of protection
MPRegen  0.23/turn              t - ring of stealth

@: very slightly contaminated
A: no striking features
a: Renounce Religion, Evoke Berserk Rage


You were on level 2 of the Lair of Beasts.
You worshipped Vehumet.
Vehumet was extremely pleased with you.
You were not hungry.

You visited 3 branches of the dungeon, and saw 14 of its levels.
You also visited: Volcano.

You collected 601 gold pieces.

Inventory:

Hand Weapons
 r - the +10 mace of the Spectre (weapon) {flame, +Rage rN+ MR-}
   (You found it on level 1 of the Lair of Beasts)

   It has been specially enchanted to burn those struck by it, causing extra
   injury to most foes and up to half again as much damage against particularly
   susceptible opponents.
   It protects you from negative energy.
   It affects your resistance to hostile enchantments.
   It lets you go berserk.
 F - the +9 whip of Qypp {venom, Stlth+}
   (You took it off an orc wizard on level 7 of the Dungeon)

   It poisons the flesh of those it strikes.
   It makes you more stealthy.
 G - a +2 dagger of venom
Armour
 i - a +1 robe of cold resistance (worn)
 j - a +1 pair of gloves (worn)
 m - a +0 pair of boots (worn)
 N - a +0 helmet (worn)
 R - a +0 cloak (worn)
 S - a +2 leather armour of fire resistance
Jewellery
 t - a ring of stealth (right hand)
 w - an uncursed ring of ice
 y - a +3 ring of protection (left hand)
 D - an uncursed amulet of magic regeneration
 L - an amulet of regeneration (around neck)
Wands
 l - a wand of random effects (38/48)
 u - a wand of iceblast (4/15)
 v - a wand of iceblast (5/15)
 I - a wand of enslavement (12/24)
Scrolls
 b - a scroll of fog
 d - 6 scrolls of remove curse
 g - 3 scrolls of recharging
 s - a scroll of magic mapping
 K - a scroll of amnesia
 M - a scroll of fear
 Q - a scroll of blinking
Potions
 a - a potion of brilliance {unknown}
 e - a potion of curing
 f - 4 potions of flight
 h - 2 potions of might
 k - 2 potions of cancellation
 n - 2 potions of ambrosia
 o - a potion of agility
 p - 4 potions of invisibility
 q - 2 potions of lignification
 x - a potion of resistance {unknown}
 A - a potion of heal wounds {unknown}
 B - 2 potions of magic {unknown}
 W - a potion of berserk rage
Books
 J - a book of Geomancy

   Spells                             Type                      Level
   a - Sandblast                      Earth                        1
   b - Passwall                       Transmutation/Earth          2
   c - Stone Arrow                    Conjuration/Earth            3
   d - Petrify                        Transmutation/Earth          4
   e - Lee's Rapid Deconstruction     Earth                        5
Comestibles
 c - 12 bread rations
 z - 4 royal jellies
 C - 7 meat rations


   Skills:
 + Level 4.6 Fighting
 + Level 5.4 Short Blades
 + Level 4.4 Armour
 + Level 7.9 Dodging
 - Level 2.4 Stealth
 * Level 14.5 Spellcasting
 + Level 9.1 Conjurations
 + Level 8.9 Fire Magic
 + Level 5.4 Air Magic
 + Level 5.1 Earth Magic
 + Level 6.1 Poison Magic


You had 2 spell levels left.
You knew the following spells:

 Your Spells              Type           Power        Failure   Level  Hunger
a - Flame Tongue          Conj/Fire      #####        1%          1    None
b - Throw Flame           Conj/Fire      ######       1%          2    None
c - Conjure Flame         Conj/Fire      ######..     1%          3    None
d - Inner Flame           Hex/Fire       #####...     1%          3    None
e - Sticky Flame          Conj/Fire      ######..     1%          4    None
f - Fireball              Conj/Fire      ######....   1%          5    ##.....
g - Shock                 Conj/Air       ####         1%          1    None
h - Stone Arrow           Conj/Erth      ######       1%          3    None
i - Lee's Rapid Deconstr  Erth           #####.....   2%          5    ##.....
j - Olgreb's Toxic Radia  Pois           ######..     1%          4    None
k - Venom Bolt            Conj/Pois      ######....   1%          5    ##.....
l - Passwall              Tmut/Erth      ####......   1%          2    None


Dungeon Overview and Level Annotations

Branches:
Dungeon (11/15)            Temple (1/1) D:6            Lair (2/6) D:10
    Orc (0/2) D:10
  Swamp: Lair:2-4    Shoals: Lair:2-4     Snake: Lair:2-4    Spider: Lair:2-4

Altars:
Ashenzari
Cheibriados
Dithmenos
Elyvilon
Fedhas
Gozag
Hepliaklqana
Kikubaaqudgha
Makhleb
Nemelex Xobeh
Okawaru
Qazlal
Ru
Sif Muna
Trog
Uskayaw
Vehumet
Wu Jian
Xom
Yredelemnul
Zin
The Shining One

Portals:
Ice
Cave: Lair:2


Message History

Okay, then.
Unknown command.
Unknown command.
Casting: Venom Bolt
Confirm with . or Enter, or press ? or * to list all spells.
Aiming: Venom Bolt
Press: ? - help, Shift-Dir - straight line, f/p - water moccasin
Aim: a water moccasin (heavily wounded)
You miscast Venom Bolt.
You are very lightly contaminated with residual magic.
Nothing appears to happen.
The komodo dragon bites you!!
* * * LOW HITPOINT WARNING * * *
Unknown command.
Unknown command.
Okay, then.
Unknown command.
As you read the scroll of fear, it crumbles to dust.
You assume a fearsome visage.
The komodo dragon easily resists.
The water moccasin looks frightened!
The komodo dragon bites you!!
You die...

,,#..#.#.....##P.# *,,*
*,####...........# **,** ,,*
#....#..†.#.## *,,* ,,*
##P..##.P...P# *,,*
*,***#...#...##P..#* **,,*
,,,*.....##..###.#.# *,,,*
*,,,..........#..#*# *,,**
,,,*,,,,P######P.##**# **,,*
,*,,,,,.,,,,*
##@.##.##***,**
,,**,,,***,,*##Pl.....#.**,*
,***,,,* **,*#P†††S≈≈≈≈..,,*
** *,*,* **,*#.†.#####≈.#***
**,,,* *,,*##.†...∩#≈.#
*,,,,**#.....≈.....#≈,*
**,*,,,.....≈.#≈...#≈,**
**,,,**P.#...#≈#≈..#,,,* ##*
*,,,***......*#≈#....*,**
##P*


You could see a komodo dragon and a water moccasin (fleeing).

Vanquished Creatures
  A red draconian (Volcano)
  An ogre mage (Volcano)
  2 hydras (Lair:1)
  Fannar (Lair:1)
  A centaur warrior (D:10)
  A death yak (D:10)
  4 two-headed ogres (Volcano)
  Nergalle (Lair:1)
  Pikel (D:5)
  2 molten gargoyles (Volcano)
  3 spiny frogs
  A komodo dragon (Lair:1)
  2 rime drakes (Lair:2)
  2 trolls
  7 polar bears (D:10)
  2 hippogriffs (D:10)
  15 yaks
  A spriggan (D:8)
  A wraith (D:10)
  Grum (Lair:1)
  2 fire bats (Volcano)
  A hog (D:10)
  A vampire mosquito (D:11)
  3 water moccasins
  2 porcupines (Lair:1)
  2 ice beasts
  2 orc warriors
  A sky beast (D:6)
  3 slaves (D:5)
  4 black bears
  6 ogres
  4 centaurs
  2 phantoms
  13 wolves
  2 crocodiles (Lair:1)
  2 big kobolds
  11 bullfrogs
  A scorpion (D:5)
  10 killer bees (D:9)
  9 wights
  A howler monkey (D:10)
  4 lava snakes (Volcano)
  6 crimson imps
  A quasit (D:9)
  2 bullfrog zombies
  An orc priest (D:8)
  5 hounds
  10 orc wizards
  A bullfrog skeleton (D:7)
  3 centaur skeletons
  6 gnoll shamans (D:6)
  3 hell rats (D:8)
  3 iguanas
  10 worker ants
  2 hound skeletons (D:4)
  A worker ant zombie (D:9)
  A howler monkey zombie (D:4)
  38 gnolls
  8 adders
  5 river rats (D:8)
  A shadow imp (D:10)
  An ooze (D:1)
  2 adder skeletons
  A worm (D:3)
  A dart slug (D:1)
  2 leopard geckos
  20 orcs
  2 ball pythons
  3 giant cockroaches
  9 goblins
  8 hobgoblins
  32 jackals
  9 quokkas
  A ball python skeleton (D:4)
  8 bats
  3 frilled lizards
  A jackal skeleton (D:4)
  21 kobolds
  2 leopard gecko skeletons (D:8)
  A leopard gecko zombie (D:8)
  18 rats
388 creatures vanquished.

Vanquished Creatures (others)
  A slave (D:5)
  2 hounds (D:5)
  A worm (D:5)
  An orc (D:5)
  3 jackals (D:5)
  A quokka skeleton (D:5)
9 creatures vanquished.

Grand Total: 397 creatures vanquished

Notes
Turn   | Place    | Note
-------+----------+-------------------------------------------
     0 | D:1      | Kidiri the Deep Elf Fire Elementalist began the quest for the Orb.
     0 | D:1      | Reached XP level 1. HP: 10/10 MP: 6/6
   126 | D:1      | Reached XP level 2. HP: 15/15 MP: 3/8
   130 | D:1      | Learned a level 2 spell: Throw Flame
   376 | D:1      | Reached skill level 4 in Spellcasting
   604 | D:1      | Reached XP level 3. HP: 19/19 MP: 8/10
   609 | D:1      | Learned a level 3 spell: Conjure Flame
   613 | D:1      | Learned a level 3 spell: Inner Flame
  1855 | D:2      | Reached skill level 5 in Spellcasting
  1855 | D:2      | Reached XP level 4. HP: 24/24 MP: 0/13
  1867 | D:2      | Learned a level 4 spell: Sticky Flame
  2145 | D:3      | Found a faded altar of an unknown god.
  2687 | D:2      | Found a glowing silver altar of Zin.
  2735 | D:4      | Noticed an ogre
  2737 | D:4      | Reached skill level 6 in Spellcasting
  2737 | D:4      | Reached XP level 5. HP: 22/28 MP: 3/15
  3248 | D:4      | Killed an ogre
  3248 | D:4      | Reached XP level 6. HP: 31/32 MP: 0/17
  3255 | D:4      | Learned a level 5 spell: Fireball
  3365 | D:4      | Found a shattered altar of Ashenzari.
  3369 | D:4      | Found a blossoming altar of Fedhas.
  3369 | D:4      | Found a bloodstained altar of Trog.
  3371 | D:4      | Found a burning altar of Makhleb.
  3373 | D:4      | Found a shimmering altar of Xom.
  3446 | D:4      | Reached skill level 7 in Spellcasting
  3608 | D:4      | Reached skill level 8 in Spellcasting
  3608 | D:4      | Reached XP level 7. HP: 36/36 MP: 6/20
  3637 | D:4      | Reached skill level 5 in Fire Magic
  3869 | D:4      | You fall through a shaft for 3 floors!
  4081 | D:6      | Found a staircase to the Ecumenical Temple.
  4087 | Temple   | Entered the Ecumenical Temple
  4294 | Temple   | Became a worshipper of Vehumet
  4379 | D:7      | Reached skill level 9 in Spellcasting
  4699 | D:7      | Found a glowing golden altar of the Shining One.
  4858 | D:5      | Entered Level 5 of the Dungeon
  4858 | D:5      | Noticed Pikel
  4864 | D:5      | Reached skill level 5 in Conjurations
  4875 | D:5      | Killed Pikel
  4875 | D:5      | Reached skill level 10 in Spellcasting
  4875 | D:5      | Reached XP level 8. HP: 19/41 MP: 1/24
  5789 | D:6      | Reached * piety under Vehumet
  5789 | D:6      | Offered knowledge of Sting by Vehumet.
  5792 | D:6      | Learned a level 1 spell: Sting
  5869 | D:6      | Found a hazy altar of Hepliaklqana.
  6027 | D:6      | Reached skill level 11 in Spellcasting
  6261 | D:6      | Reached skill level 1 in Short Blades
  6270 | D:6      | Reached XP level 9. HP: 34/45 MP: 10/26
  6377 | D:6      | Reached skill level 1 in Poison Magic
  6485 | D:6      | Offered knowledge of Shock by Vehumet.
  6526 | D:6      | Reached skill level 1 in Fighting
  6534 | D:5      | Learned a level 1 spell: Shock
  6632 | D:5      | Reached ** piety under Vehumet
  6891 | D:6      | Reached skill level 1 in Armour
  7202 | D:6      | Found a bloodstained altar of Trog.
  7406 | D:7      | Reached skill level 1 in Air Magic
  7626 | D:7      | Got a smoking whip {venom}
  7636 | D:7      | Identified the +9 whip of Qypp {venom, Stlth+} (You took it off an orc wizard on level 7 of the Dungeon)
  8699 | D:8      | Offered knowledge of Static Discharge by Vehumet.
  8718 | D:8      | Learned a level 3 spell: Stone Arrow
  8724 | D:8      | Learned a level 5 spell: Lee's Rapid Deconstruction
  8814 | D:8      | Found a sacrificial altar of Ru.
  8985 | D:8      | Reached skill level 12 in Spellcasting
  8985 | D:8      | Reached XP level 10. HP: 38/53 MP: 20/28
  9146 | D:8      | Reached *** piety under Vehumet
  9193 | D:8      | Reached skill level 1 in Earth Magic
  9225 | D:8      | Offered knowledge of Olgreb's Toxic Radiance by Vehumet.
  9231 | D:8      | Learned a level 4 spell: Olgreb's Toxic Radiance
 10732 | D:9      | Reached **** piety under Vehumet
 10921 | D:9      | Reached skill level 5 in Dodging
 11154 | D:10     | Entered Level 10 of the Dungeon
 11164 | D:10     | Offered knowledge of Force Lance by Vehumet.
 11432 | D:10     | Noticed a centaur warrior
 11442 | D:10     | Killed a centaur warrior
 11665 | D:10     | Reached XP level 11. HP: 60/60 MP: 14/29
 11916 | D:10     | Found a huge runed gate.
 11917 | D:10     | Found a huge runed gate.
 11917 | D:10     | Found a huge runed gate.
 11917 | D:10     | Found a huge runed gate.
 11918 | D:10     | Noticed a death yak
 11939 | D:10     | Found a staircase to the Lair.
 11981 | D:10     | Found a staircase to the Orcish Mines.
 12022 | D:10     | Killed a death yak
 12022 | D:10     | Reached skill level 13 in Spellcasting
 12036 | D:10     | Reached ***** piety under Vehumet
 12036 | D:10     | Offered knowledge of Venom Bolt by Vehumet.
 12216 | D:11     | Noticed a centaur warrior
 12382 | Lair:1   | Entered Level 1 of the Lair of Beasts
 12438 | Lair:1   | Noticed a four-headed hydra
 12451 | Lair:1   | Killed a four-headed hydra
 12475 | Lair:1   | Noticed Grum
 12476 | Lair:1   | Noticed Fannar
 12479 | Lair:1   | Killed Fannar
 12480 | Lair:1   | Killed Grum
 12480 | Lair:1   | Reached skill level 5 in Poison Magic
 12482 | Lair:1   | Noticed Nergalle
 12493 | Lair:1   | Killed Nergalle
 12494 | Lair:1   | Noticed a seven-headed hydra
 12517 | Lair:1   | Killed a seven-headed hydra
 12517 | Lair:1   | Reached XP level 12. HP: 64/66 MP: 5/31
 12640 | Lair:1   | Learned a level 5 spell: Venom Bolt
 12644 | Lair:1   | Found a dark tunnel.
 12654 | Volcano  | Entered a volcano
 13015 | Volcano  | Found a burning altar of Makhleb.
 13015 | Volcano  | Noticed a two-headed ogre
 13015 | Volcano  | Noticed a two-headed ogre
 13015 | Volcano  | Noticed an ogre mage
 13015 | Volcano  | Noticed a two-headed ogre
 13021 | Volcano  | Killed a two-headed ogre
 13021 | Volcano  | Killed a two-headed ogre
 13024 | Volcano  | Killed a two-headed ogre
 13024 | Volcano  | Reached skill level 5 in Short Blades
 13025 | Volcano  | Killed an ogre mage
 13025 | Volcano  | Reached skill level 14 in Spellcasting
 13025 | Volcano  | Reached skill level 5 in Air Magic
 13137 | Volcano  | Noticed a two-headed ogre
 13141 | Volcano  | Killed a two-headed ogre
 13205 | Volcano  | Noticed a red draconian
 13212 | Volcano  | Killed a red draconian
 13396 | Volcano  | Reached skill level 5 in Earth Magic
 14199 | Lair:1   | Got a fine mace
 14200 | Lair:1   | Identified the +10 mace of the Spectre {flame, +Rage rN+ MR-} (You found it on level 1 of the Lair of Beasts)
 14418 | Lair:1   | HP: 3/67 [spiny frog (11)]
 14634 | Lair:1   | Learned a level 2 spell: Passwall
 14769 | Lair:2   | Found a frozen archway.
 14786 | Lair:2   | Annihilated by a komodo dragon

Vault maps used:
D:1:      dpeg_arrival_rooms_b
D:2:      lemuel_upstairs_altar
D:3:      chequers_ecumenical_altar_island
D:4:      minmay_diamond_boxcup, grunt_temple_overflow_open, first_bread
D:5:      uniq_pikel
D:6:      lemuel_castle_with_subvaults, minmay_temple_entry_from_below_a,
          basic_altar, st_stairs_7, trog_butcher_becter
D:7:      kennysheep_mini, kennysheep_generic_room_2
D:8:      lemuel_ratsnest, nicolae_overflow_crystal_walls, the_bakery,
          grunt_ministairs_4
D:10:     lemuel_bear_cage, lair_entry_dummy, orc_0_dummy,
          minmay_misc_feat_square
D:11:     minmay_ambush_box, serial_shops, shop,
          minmay_guarded_unrand_variability
Temple:   regret_index_temple_generic_petals
Lair:1:   lightli_volcano_entry_magma_tube, beast_lair_carwin_7, uniq_fannar,
          uniq_nergalle, uniq_grum
Lair:2:   portal_ice_cave_rime
Volcano:  volcano_lake

Skill      XL: |  1  2  3  4  5  6  7  8  9 10 11 12 |
---------------+-------------------------------------+-----
Spellcasting   | 4 5 6 8 10 11 12 13 14 | 14.5
Conjurations   | 2 3 4 5 6 7 8 9 |  9.1
Fire Magic     | 4 6 7 8 |  8.9
Short Blades   | 1 2 3 4 5 |  5.4
Poison Magic   | 2 3 5 6 |  6.1
Dodging        | 4 5 7 |  7.9
Fighting       | 1 3 4 |  4.6
Armour         | 1 2 3 4 |  4.4
Air Magic      | 2 3 4 5 |  5.4
Earth Magic    | 3 4 5 |  5.1
Stealth        | |  2.4

Action                   |  1- 3 |  4- 6 |  7- 9 | 10-12 || total
-------------------------+-------+-------+-------+-------++-------
Melee: Unarmed           |    11 |       |       |       ||    11
       Dagger            |     3 |    32 |    76 |       ||   111
       Whip              |       |       |    72 |   218 ||   290
       Mace              |       |       |       |    20 ||    20
Throw: Throwing net      |     1 |       |       |     1 ||     2
 Cast: Flame Tongue      |    48 |    59 |   155 |    80 ||   342
       Inner Flame       |     3 |       |    10 |     9 ||    22
       Conjure Flame     |     2 |       |    10 |    14 ||    26
       Throw Flame       |       |     4 |     6 |     6 ||    16
       Sticky Flame      |       |     9 |    34 |    29 ||    72
       Fireball          |       |       |     5 |     6 ||    11
       Sting             |       |       |     8 |       ||     8
       Shock             |       |       |    19 |     3 ||    22
       Stone Arrow       |       |       |     4 |    35 ||    39
       Olgreb's Toxic Ra |       |       |       |    13 ||    13
       Lee's Rapid Decon |       |       |       |     2 ||     2
       Venom Bolt        |       |       |       |    12 ||    12
Evoke: Wand              |       |       |     1 |     3 ||     4
  Use: Scroll            |     6 |     4 |    10 |    11 ||    31
       Potion            |       |       |     3 |     4 ||     7
 Stab: Sleeping          |     3 |     8 |     5 |     5 ||    21
  Eat: Chunk             |     2 |     5 |    12 |    15 ||    34
       Royal jelly       |       |     1 |     1 |       ||     2
       Bread ration      |       |       |     1 |       ||     1
       Fruit             |       |       |       |     6 ||     6
Armor: Robe              |     6 |    31 |    85 |    87 ||   209
       Leather armour    |       |       |       |    14 ||    14
Dodge: Dodged            |    25 |    58 |   169 |   197 ||   449

Table legend:
 A = Spawn XP
 B = Non-spawn XP
 C = Spawn XP percentage of total XP
 D = Spawn monster count
 E = Non-spawn monster count
 F = Spawn count percentage of total count
 G = Total turns spent on level
                    A         B        C        D         E        F      G
               +---------+---------+-------+---------+---------+-------+---------
         Total |       0 |   34024 |   0.0 |       0 |     385 |   0.0 | 14786
               +---------+---------+-------+---------+---------+-------+---------
           D:1 |       0 |      51 |   0.0 |       0 |      26 |   0.0 |  1016
           D:2 |       0 |      63 |   0.0 |       0 |       9 |   0.0 |  1006
           D:3 |       0 |      56 |   0.0 |       0 |      16 |   0.0 |   724
           D:4 |       0 |     715 |   0.0 |       0 |      30 |   0.0 |  1303
           D:5 |       0 |    1005 |   0.0 |       0 |      15 |   0.0 |   970
           D:6 |       0 |    1518 |   0.0 |       0 |      67 |   0.0 |  1587
           D:7 |       0 |    1437 |   0.0 |       0 |      32 |   0.0 |  1664
           D:8 |       0 |    1234 |   0.0 |       0 |      57 |   0.0 |  1540
           D:9 |       0 |    2291 |   0.0 |       0 |      24 |   0.0 |  1096
          D:10 |       0 |    8443 |   0.0 |       0 |      50 |   0.0 |  1219
          D:11 |       0 |     264 |   0.0 |       0 |       9 |   0.0 |     7
        Lair:1 |       0 |    7826 |   0.0 |       0 |      28 |   0.0 |  1194
        Lair:2 |       0 |    1772 |   0.0 |       0 |       8 |   0.0 |    54
       Volcano |       0 |    7349 |   0.0 |       0 |      14 |   0.0 |  1156
               +---------+---------+-------+---------+---------+-------+---------
